 Dungeon Crawl Stone Soup version 0.17-a0-2014-g32cd421 (webtiles) character file.

257 Goblin1989 the Insei (level 5, -1/42 HPs)
             Began as a Demonspawn Monk on Oct 10, 2015.
             Slain by an orc wizard
             ... wielding a +0 dagger
              (2 damage)
             ... on level 4 of the Dungeon.
             The game lasted 00:12:21 (4055 turns).

Goblin1989 the Insei (Demonspawn Monk)              Turns: 4055, Time: 00:12:21

Health: -1/42      AC:  5    Str: 12    XL:     5   Next: 93%
Magic:  5/5        EV: 12    Int: 11    God:
Gold:   169        SH:  0    Dex: 16    Spells: 0 memorised, 4 levels left

rFire  . . .     SeeInvis .       - Unarmed
rCold  . . .     Clarity  +     a - +0 robe
rNeg   . . .     SustAt   .     (no shield)
rPois  .         Gourm    .     (helmet restricted)
rElec  .         Spirit   .     (no cloak)
rCorr  .         Warding  .     (no gloves)
rMut   .         Rnd*Tele +     (no boots)
MR     .....                    (no amulet)
Stlth  ++........               (no ring)
                                (no ring)

@: very slightly contaminated, not resistant to hostile enchantments, unstealthy
A: beak, hooves 1, icy blue scales 2, clarity, teleportitis 1
a: no special abilities


You were on level 4 of the Dungeon.
You were very hungry.

You visited 1 branch of the dungeon, and saw 4 of its levels.

You collected 169 gold pieces.

Inventory:

Armour
 a - a +0 robe (worn)
Magical Staves
 o - an uncursed staff of conjuration
Jewellery
 n - an uncursed ring of ice {unknown}
Scrolls
 c - 2 scrolls of identify {unknown}
 f - a scroll of recharging {unknown}
 g - 2 scrolls of remove curse {unknown}
 j - 3 scrolls of fog {unknown}
 k - a scroll of enchant armour {unknown}
 l - 2 scrolls of enchant weapon {unknown}
 m - a scroll of teleportation {unknown}
Comestibles
 b - 4 bread rations
 d - 2 beef jerkies


   Skills:
 * Level 3.7 Fighting
 - Level 2.6 Dodging
 - Level 1.7 Stealth
 + Level 6.2 Unarmed Combat


You had 4 spell levels left.
You didn't know any spells.

Dungeon Overview and Level Annotations

Branches:
Dungeon (4/15)
 Temple: D:4-7

Altars:
Trog


Innate Abilities, Weirdness & Mutations

You have large cloven feet.
You are mostly covered in icy blue scales (AC +3, EV -1).
You have a beak for a mouth.
You possess an exceptional clarity of mind.
You are occasionally teleported to nearby monsters.


Message History

You flicker for a moment.
An orc wizard appears from thin air!
Reactivating autopickup.
The orc wizard points at something and mumbles some strange words.
The orc wizard casts a spell at you. The puff of flame hits you!
* * * LOW HITPOINT WARNING * * *
The orc wizard closely misses you.
You are too injured to fight recklessly!
You are too injured to fight recklessly!
You are too injured to fight recklessly!
Things that are here:
a dagger; an orc corpse You flicker back into view.
The orc wizard barely misses you. The orc wizard hits you with a dagger.
* * * LOW HITPOINT WARNING * * *
You hit the orc wizard but do no damage.
Your kick misses the orc wizard. Your peck misses the orc wizard.
The orc wizard hits you with a dagger.
You die...

#........###+#
#........#
#........# #.##
#........+ ....
#........## ####
#.........# #..
#.........# +..
#o........+ #..
#@).......#+####..
##'####+#........#
#(.).+ ........+
##.### .>......#
##'#########+#....
#..#.....+...+....
#..'.....# ..#....
##.####### #.#....
##.#########.#...#


You could see an orc wizard.

Vanquished Creatures
  Ijyb (D:2)
  3 orc wizards (D:4)
  6 adders
  2 oozes
  6 worms
  5 giant geckos
  An orc (D:4)
  9 goblins
  11 hobgoblins
  5 jackals
  2 kobolds (D:2)
  A quokka (D:2)
  2 ball pythons
  4 bats
  7 giant cockroaches
  7 giant newts
  10 rats
82 creatures vanquished.

Notes
Turn   | Place    | Note
--------------------------------------------------------------
     0 | D:1      | Goblin1989 the Demonspawn Monk began the quest for the Orb.
     0 | D:1      | Reached XP level 1. HP: 18/18 MP: 1/1
   288 | D:1      | Reached skill level 4 in Unarmed Combat
   535 | D:1      | Gained mutation: You are partially covered in icy blue scales (AC +1). [demonic ancestry]
   535 | D:1      | Reached XP level 2. HP: 21/24 MP: 2/2
  1019 | D:1      | Reached XP level 3. HP: 29/29 MP: 3/3
  1270 | D:2      | Found a bloodstained altar of Trog.
  1378 | D:2      | Reached skill level 5 in Unarmed Combat
  1863 | D:2      | Gained mutation: You have large cloven feet. [demonic ancestry]
  1863 | D:2      | Reached XP level 4. HP: 22/35 MP: 4/4
  2398 | D:2      | Noticed Ijyb
  2408 | D:2      | Killed Ijyb
  2651 | D:3      | Gained mutation: You are mostly covered in icy blue scales (AC +3, EV -1). [demonic ancestry]
  2651 | D:3      | Reached XP level 5. HP: 41/41 MP: 5/5
  3206 | D:3      | Reached skill level 6 in Unarmed Combat
  4021 | D:4      | Gained mutation: You possess an exceptional clarity of mind. [potion of mutation]
  4021 | D:4      | Gained mutation: You are occasionally teleported to nearby monsters. [potion of mutation]
  4021 | D:4      | Gained mutation: You have a beak for a mouth. [potion of mutation]
  4052 | D:4      | HP: 2/42 [orc wizard/puff of flame (5)]
  4055 | D:4      | Slain by an orc wizard

Vault maps used:
D:1:      saegor_arrival_miasma, minmay_box_of_dots
D:2:      nicolae_overflow_crystal_walls, uniq_iyjb
D:3:      first_bread
D:4:      grunt_temple_overflow_opulence, elyvilon_altar_5, fedhas_altar_1

Action                   |  1- 3 |  4- 6 || total
-------------------------+-------+-------++-------
Melee: Unarmed           |   124 |   185 ||   309
  Use: Potion            |       |     3 ||     3
 Stab: Sleeping          |     5 |     5 ||    10
       Distracted        |     1 |       ||     1
       Invisible         |       |     2 ||     2
  Eat: Chunk             |     3 |     6 ||     9
